 Dungeon Crawl Stone Soup version 0.31.0-12-g77e489cdc1 (webtiles) character file.

Game seed: 12922423228054042389

50 jagang the Slasher (level 3, 0/29 HPs)
             Began as a Human Monk on Mar 5, 2024.
             Slain by a gnoll
             ... wielding a +2 spear of freezing
             ... led by a gnoll bouda
              (2 damage)
             ... on level 2 of the Dungeon.
             The game lasted 00:02:34 (917 turns).

jagang the Slasher (Human Monk)                      Turns: 917, Time: 00:02:35

Health: 0/29       AC:  6    Str: 11    XL:     3   Next: 79%
Magic:  3/3        EV: 11    Int: 12    God:
Gold:   111        SH:  0    Dex: 17    Spells: 2/2 levels left

rFire   + . .        p - +5 hand axe "Orb Guardian's Peril" {heavy, *Corrode rF+ Int+2}
rCold   . . .        d - orb {light}
rNeg    . . .        e - +0 ring mail
rPois   .            (no helmet)
rElec   .            (no cloak)
rCorr   .            b - +0 pair of gloves
SInv    .            (no boots)
Will    .....        (no amulet)
Stlth   +            (no ring)
HPRegen 0.24/turn    (no ring)
MPRegen 0.08/turn

%: corrode self (3%)
@: glowing
A: explore regen
a: no special abilities


You were on level 2 of the Dungeon.
You visited 1 branch of the dungeon, and saw 2 of its levels.

You collected 111 gold pieces.

Inventory:

Hand Weapons
 a - a +0 falchion
 p - the +5 hand axe "Orb Guardian's Peril" (weapon) {heavy, *Corrode rF+ Int+2}
   (You found it on level 2 of the Dungeon)

   Int+2:     It affects your intelligence (+2).
   rF+:       It protects you from fire.
   *Corrode:  It may corrode you when you take damage.
Armour
 b - a +0 pair of gloves (worn)
 d - an orb of light (worn)
 e - a +0 ring mail (worn)
Talismans
 j - a talisman of death
Scrolls
 f - 2 scrolls of noise {unknown}
 i - a scroll of summoning {unknown}
 k - a scroll of fog {unknown}
 l - a scroll of fear {unknown}
 m - a scroll of revelation {unknown}
 n - a scroll of identify {unknown}
 o - a scroll of amnesia {unknown}
Potions
 c - a potion of ambrosia
 g - a potion of enlightenment {unknown}
 h - a potion of attraction {unknown}


   Skills:
 * Level 3.6 Fighting
 * Level 3.6 Long Blades
 * Level 1.3 Armour
 - Level 3.0 Dodging
 + Level 0.2 Shapeshifting


You had 2 spell levels left.
You didn't know any spells.
Your spell library was empty.

Dungeon Overview and Level Annotations

Branches:
Dungeon (2/15)

Altars:


Innate Abilities, Weirdness & Mutations

You regain HP and MP as you explore.


Message History

The jackal misses you.
You hit the jackal.
The jackal is heavily wounded.
The jackal closely misses you.
You barely miss the jackal.
The jackal is heavily wounded.
The jackal bites you but does no damage.
The jackal barely misses you.
You barely miss the jackal.
The jackal is heavily wounded.
The jackal barely misses you. x2
You slash the jackal!
You kill the jackal!
You see here a jackal corpse.
You see here the +5 hand axe "Orb Guardian's Peril" {heavy, *Corrode rF+ Int+2}.
p - the +5 hand axe "Orb Guardian's Peril" {heavy, *Corrode rF+ Int+2} You feel clever.
p - the +5 hand axe "Orb Guardian's Peril" (weapon)
{heavy, *Corrode rF+ Int+2} You now have 111 gold pieces (gained 11).
You open the door.
A gnoll bouda and 3 gnolls come into view.
A gnoll is wielding a +2 spear of freezing.
The gnoll bouda shouts!
The gnoll shouts! x2
The gnoll closely misses you. The gnoll closely misses you.
The gnoll attacks as it pursues you! The gnoll barely misses you.
You slash the gnoll!
The gnoll is severely wounded.
The gnoll hits you with a +0 halberd! The gnoll closely misses you.
The gnoll bouda calls upon its god to heal the gnoll.
The gnoll is healed somewhat.
The gnoll hits you with a +0 halberd!
* * * LOW HITPOINT WARNING * * *
Unknown command.
You hit the gnoll.
The gnoll is heavily wounded.
You slash the gnoll bouda!
The gnoll hits you from afar with a +2 spear of freezing.
* * * LOW HITPOINT WARNING * * *
The gnoll freezes you.
You die...

####### ##### #.....
#.... #.... +.... .g.
#.... #g# #....
#g##### ##+##....
#@g...## #........
#......# #.<...###
#......# #.....##.
#......###.....##.
####......#.......##.
#.........#.......###
###..######......†###
#..######....###...
#.........#### #...


You could see a gnoll bouda and 3 gnolls.

Vanquished Creatures
  5 ball pythons
  4 endoplasms
  3 giant cockroaches
  4 goblins
  7 hobgoblins
  6 jackals
  A kobold (D:1)
  3 quokkas (D:1)
  3 bats (D:1)
  A frilled lizard (D:1)
  4 rats
41 creatures vanquished.

Notes
Turn   | Place    | Note
-------+----------+-------------------------------------------
     0 | D:1      | jagang the Human Monk began the quest for the Orb.
     0 | D:1      | Reached XP level 1. HP: 18/18 MP: 1/1
     5 | D:1      | Noticed a black mamba
   194 | D:1      | Reached XP level 2. HP: 24/24 MP: 2/2
   338 | D:1      | Reached XP level 3. HP: 29/29 MP: 3/3
   392 | D:1      | Noticed an elephant
   495 | D:1      | Reached skill level 1 in Armour
   885 | D:2      | Identified the +5 hand axe "Orb Guardian's Peril" {heavy,
                  | *Corrode rF+ Int+2}
   917 | D:2      | Slain by a gnoll

Illustrated notes

Levels and vault maps discovered:
D:1:      sevenhm_arrival_forest_fort_small_2, layout_loops_ring,
          grunt_decor_clamped
D:2:      layout_basic, dreamdust_ecumenical_altar_hidden_monk_grotto,
          kennysheep_generic_room_12

Skill      XL: |  1  2  3 |
---------------+----------+-----
Armour         | 1 |  1.3
Fighting       | |  3.6
Long Blades    | |  3.6
Dodging        | |  3.0
Shapeshifting  | |  0.2

Action                     || total
---------------------------++-------
  Melee: Falchion          ||    87
         Hand axe          ||     2
 Armour: Ring mail         ||    57
         Robe              ||     1
  Dodge: Dodged            ||    77
